 Dungeon Sprint DCSS version 0.21.0 (webtiles) character file.

13456 killozap the Thaumaturge (level 12, -14/99 HPs)
             Began as a Gnoll Wanderer on Jan 7, 2018.
             Was an Elder of Wu Jian.
             Killed from afar by a white draconian (35 damage)
             ... with a chilling blast
             ... in the Dungeon (Sprint V: "Ziggurat Sprint").
             The game lasted 00:14:51 (2046 turns).

killozap the Thaumaturge (Gnoll Wanderer)           Turns: 2046, Time: 00:14:52

Health: -14/99     AC: 33    Str: 35    XL:     12   Next: 6%
Magic:  23/25      EV: 15    Int: 14    God:    Wu Jian [****..]
Gold:   0          SH:  0    Dex: 15    Spells: 34/34 levels left

rFire    . . .     SeeInvis .   G - +10 dark maul {crush}
rCold    . . .     Gourm    .   (shield currently unavailable)
rNeg     . . .     Faith    .   H - +15 Maxwell's patent armour {-Cast -Tele rElec MR+ rCorr}
rPois    .         Spirit   .   (no helmet)
rElec    +         Reflect  .   (no cloak)
rCorr    +         Harm     .   K - +2 pair of gloves {Str+3}
MR       +....     NoTele   +   (no boots) Stlth ..........NoCast +
                                (no amulet)
HPRegen  0.26/turn              E - +6 ring of strength
MPRegen  0.19/turn              F - +6 ring of strength

@: slowed, glowing, serpent's lash, heavenly storm, very slow
A: distributed training, fangs 1, blurry vision 1, low mp 1, no potion heal 1,
MP-powered wands, strong nose
a: Wall Jump, Serpent's Lash, Renounce Religion


You were in the Dungeon.
You worshipped Wu Jian.
Wu Jian was greatly pleased with you.
You were not hungry.

You visited 1 branch

Inventory:

Hand Weapons
 d - a +0 club
 G - the +10 dark maul (weapon) {crush}
   (You found it in the Dungeon)

   It inflicts extra damage upon your enemies.
 I - a +5 demon whip
 J - the +7 great mace "Firestarter" {inner flame, rF++}
   (You found it in the Dungeon)

   It has been specially enchanted to burn those struck by it, causing extra
   injury to most foes and up to half again as much damage against particularly
   susceptible opponents.
   It greatly protects you from fire.
Armour
 a - a +0 shield
 c - a +0 robe
 H - the +15 Maxwell's patent armour (worn) {-Cast -Tele rElec MR+ rCorr}
   (You found it in the Dungeon)

   It insulates you from electricity.
   It affects your resistance to hostile enchantments.
   It prevents spellcasting.
   It prevents most forms of teleportation.
   It protects you from acid and corrosion.
 K - a +2 pair of gloves of strength (worn)
Jewellery
 A - a +6 ring of dexterity
 B - a +6 ring of dexterity
 C - a +6 ring of intelligence
 D - a +6 ring of intelligence
 E - a +6 ring of strength (left hand)
 F - a +6 ring of strength (right hand)
 M - the ring "Hagoun" {rPois MR+}
   (You found it in the Dungeon)

   [ring of protection from magic]

   It protects you from poison.
   It affects your resistance to hostile enchantments.
 N - the ring "Efysk" {rF++ EV+4 Dex+2}
   (You found it in the Dungeon)

   [ring of evasion]

   It affects your evasion (+4).
   It affects your dexterity (+2).
   It greatly protects you from fire.
 O - the ring "Qiwameps" {+Inv rC+ Stlth-}
   (You found it in the Dungeon)

   [ring of loudness]

   It protects you from cold.
   It lets you turn invisible.
   It makes you less stealthy.
 Q - the ring "Fiahy" {rPois rF- MP+9 Int+6}
   (You found it in the Dungeon)

   [ring of magical power]

   It affects your intelligence (+6).
   It makes you vulnerable to fire.
   It protects you from poison.
   It affects your magic capacity (+9).
 R - a +1 ring of protection
Wands
 x - a wand of disintegration (7)
 y - a wand of iceblast (2)
 z - a wand of acid (7)
Scrolls
 k - 4 scrolls of blinking
 o - 2 scrolls of brand weapon
 r - 4 scrolls of amnesia
 s - 7 scrolls of fog
 t - a scroll of holy word
 u - 5 scrolls of identify
 v - 5 scrolls of remove curse
 w - 2 scrolls of fear
 L - 4 scrolls of enchant armour
Potions
 e - 8 potions of curing
 g - 3 potions of heal wounds
 h - 6 potions of haste
 i - 7 potions of magic
 j - 3 potions of berserk rage
 l - 2 potions of brilliance
 m - 2 potions of invisibility
 n - 4 potions of resistance
 p - 5 potions of agility
 q - 5 potions of might
Books
 b - the Compendium of Changing

   Spells                             Type                      Level
   a - Passwall                       Transmutation/Earth          2
   b - Sticks to Snakes               Transmutation                2
 P - a book of Summonings

   Spells                             Type                      Level
   a - Recall                         Summoning/Translocation      3
   b - Aura of Abjuration             Summoning                    5
   c - Summon Demon                   Summoning                    5
   d - Summon Forest                  Summoning/Translocation      5
   e - Summon Mana Viper              Hexes/Summoning              5
   f - Shadow Creatures               Summoning                    6
 S - the Papyrus of Calling and Dark Secrets
   (You found it in the Dungeon)

   Spells                             Type                      Level
   a - Pain                           Necromancy                   1
   b - Summon Small Mammal            Summoning                    1
   c - Corpse Rot                     Necromancy                   2
   d - Call Canine Familiar           Summoning                    3
   e - Animate Dead                   Necromancy                   4
   f - Dragon's Call                  Summoning                    9
Comestibles
 f - 6 rations


   Skills:
 + Level 10.9 Fighting
 + Level 10.9 Short Blades
 + Level 10.9 Long Blades
 + Level 10.9 Axes
 + Level 10.9 Maces & Flails
 + Level 10.9 Polearms
 + Level 10.9 Staves
 + Level 10.9 Slings
 + Level 10.9 Bows
 + Level 10.9 Crossbows
 + Level 10.9 Throwing
 + Level 10.9 Armour
 + Level 10.9 Dodging
 + Level 11.1 Stealth
 + Level 11.2 Shields
 + Level 10.9 Unarmed Combat
 + Level 11.9 Spellcasting
 + Level 9.3 Conjurations
 + Level 10.7 Hexes
 + Level 9.3 Charms
 + Level 9.3 Summonings
 + Level 9.3 Necromancy
 + Level 9.3 Translocations
 + Level 9.3 Transmutations
 + Level 9.3 Fire Magic
 + Level 10.0 Ice Magic
 + Level 9.5 Air Magic
 + Level 9.3 Earth Magic
 + Level 9.3 Poison Magic
 + Level 11.8 Invocations
 + Level 10.9 Evocations


You had 34 spell levels left.
You didn't know any spells.

Dungeon Overview and Level Annotations

Branches:
Dungeon (1/1)

Altars:
Ashenzari
Cheibriados
Dithmenos
Elyvilon
Fedhas
Gozag
Hepliaklqana
Kikubaaqudgha
Makhleb
Nemelex Xobeh
Okawaru
Qazlal
Ru
Sif Muna
Trog
Uskayaw
Vehumet
Wu Jian
Xom
Yredelemnul
Zin
The Shining One
Beogh
Jiyva
Lugonu


Innate Abilities, Weirdness & Mutations

Your experience applies equally to all skills.
You have very sharp teeth.
Your uncanny sense of smell can sniff out nearby items.
Scrolls take you a little longer to read.
Your magical capacity is low. (-10% MP)
Potions are less effective at restoring your health.
You expend magic power (3 MP) to strengthen your wands.


Message History

The death cob hits you but does no damage.
The death cob completely misses you. The death cob misses you.
The death cob hits you but does no damage.
The death cob hits you.
The death cob hits you but does no damage.
The death cob hits you! The death cob drains your vigour!
You feel as though you will be slow longer.
The death cob completely misses you.
The red draconian breathes flames at you.
The searing blast hits you!
Ouch! That really hurt!
The death cob hits you!
* * * LOW HITPOINT WARNING * * *
The death cob drains your vigour!
You feel as though you will be slow longer.
The red draconian hits you from afar with a glaive.
* * * LOW HITPOINT WARNING * * *
The white draconian breathes frost at you.
The chilling blast hits you!
You die...

∆∆∆ ▓..:}[:[..▓
▓..:)ddd..▓..))).)..▓
▓..dddX...▓.........▓
▓...ddy...▓.........▓
▓........ ▓.........▓
▓....... .▓.........▓
▓.§▓dd§▓..▓...).)...▓
▓.▓ddz§§▓.▓.▓.))..▓.▓
▓.§§@y§§..▓...)©....▓
▓▓▓▓▓▓▓▓▓▓▓▓▓▓▓▓▓▓▓▓▓
∆∆∆∆∆∆∆∆ ∆∆∆∆∆∆∆∆∆∆∆
∆∆∆∆∆∆∆∆∆ ∆∆∆∆∆∆∆∆∆∆∆
∆∆∆∆∆∆∆∆∆ ∆∆∆∆∆∆∆∆∆∆∆
∆∆∆∆ ∆∆∆∆∆ ∆


You could see a purple draconian, 2 draconians, a white draconian, a death cob
(pinned) and a moth of wrath.

Vanquished Creatures
  An ironheart preserver (D)
  A cacodemon (D)
  A naga warrior (D)
  An anaconda (D)
  6 spriggans (D)
  A wretched star (D)
  A glowing orange brain (D)
  An orb spider (shapeshifter) (D)
  A harpy (D)
  An ugly thing (D)
  2 draconians (D)
  A black mamba (D)
  3 naga magi (D)
  2 spiny frogs (D)
  A freezing wraith (D)
  2 hornets (D)
  A hippogriff (D)
  A tarantella (D)
  A yak (D)
  2 basilisks (D)
  A naga (D)
  2 porcupines (D)
  2 water moccasins (D)
  3 black bears (D)
  A phantom (D)
  6 wolves (D)
  2 scorpions (D)
  3 wights (D)
  2 crimson imps (D)
  A quasit (D)
  An iguana (D)
  An adder (D)
  A river rat (D)
  A shadow imp (D)
  An ufetubus (D)
  2 adder skeletons (D)
  A ball python (D)
  A jackal (D)
  A jackal simulacrum (D)
  A jackal skeleton (D)
  A quokka zombie (D)
66 creatures vanquished.

Vanquished Creatures (others)
  A spatial maelstrom (D)
1 creature vanquished.

Grand Total: 67 creatures vanquished

Notes
Turn   | Place    | Note
-------+----------+-------------------------------------------
     0 | D        | Found the +6 Majin-Bo {vamp, Archmagi MP+6 Int+6}
     0 | D        | Found the +7 great mace "Firestarter" {inner flame, rF++}
     0 | D        | killozap the Gnoll Wanderer began the quest for the Orb.
     0 | D        | killozap set off with: a +0 shield, the Compendium of Changing, a +0 robe, a +0 club, a potion of curing, a ration, a potion of heal wounds, a potion of haste, 2 potions of magic, a potion of berserk rage, a scroll of blinking
     0 | D        | Reached XP level 1. HP: 13/13 MP: 6/6
     0 | D        | Found a deep blue altar of Sif Muna.
     0 | D        | Found a sacrificial altar of Ru.
     0 | D        | Found a bloodstained altar of Trog.
     0 | D        | Found a stormy altar of Qazlal.
     0 | D        | Found an iron altar of Okawaru.
     0 | D        | Found a sparkling altar of Nemelex Xobeh.
     0 | D        | Found a blossoming altar of Fedhas.
     2 | D        | Found a transporter.
     2 | D        | Found an ancient bone altar of Kikubaaqudgha.
     2 | D        | Found a viscous altar of Jiyva.
     2 | D        | Found a corrupted altar of Lugonu.
     2 | D        | Found a hazy altar of Hepliaklqana.
     2 | D        | Found a burning altar of Makhleb.
     2 | D        | Found an opulent altar of Gozag.
    18 | D        | Found the +9 heavy crossbow "Sniper" {velocity, Acc+∞ SInv}
    18 | D        | Found the +10 dark maul {crush}
    18 | D        | Found the +15 Maxwell's patent armour {-Cast -Tele rElec MR+ rCorr}
    18 | D        | Found the +18 shield of the Gong {rElec rN+ MR+ EV-5}
    18 | D        | Found the cursed +14 obsidian axe {chop, +Fly SInv *Curse}
    18 | D        | Banished a spatial maelstrom
    19 | D        | Found the +6 shillelagh "Devastator" {shatter}
    19 | D        | Found the +11 plutonium sword {*Contam Stlth-}
    19 | D        | Found the +8 lance "Wyrmbane" {slay drac, rPois rF+ rC+ AC+3}
    19 | D        | Found the +9 sword of Zonguldrok {reap}
    19 | D        | Found the cursed +13 scythe of Curses {drain, *Curse}
    19 | D        | Found the +0 sword of Power
    19 | D        | Found the -1 mace of Variability {chaos}
    19 | D        | Found the +7 Singing Sword
    19 | D        | Found the +7 longbow "Piercer" {penet, EV-2}
    95 | D        | Became a worshipper of the Wu Jian Council
   100 | D        | Identified the Compendium of Changing
   106 | D        | Reached skill level 5 in Spellcasting
   106 | D        | Reached skill level 1 in Conjurations
   106 | D        | Reached skill level 1 in Charms
   106 | D        | Reached skill level 1 in Summonings
   106 | D        | Reached skill level 1 in Necromancy
   106 | D        | Reached skill level 1 in Translocations
   106 | D        | Reached skill level 1 in Transmutations
   106 | D        | Reached skill level 1 in Fire Magic
   106 | D        | Reached skill level 1 in Earth Magic
   106 | D        | Reached skill level 1 in Poison Magic
   106 | D        | Reached XP level 2. HP: 22/22 MP: 6/8
   110 | D        | Entered arena 2.
   110 | D        | Noticed a draconian
   110 | D        | Noticed a draconian
   110 | D        | Found a transporter.
   116 | D        | Killed a draconian
   116 | D        | Reached skill level 5 in Stealth
   116 | D        | Reached skill level 5 in Shields
   116 | D        | Reached skill level 5 in Ice Magic
   116 | D        | Reached skill level 5 in Invocations
   116 | D        | Reached XP level 3. HP: 25/32 MP: 7/11
   116 | D        | Reached XP level 4. HP: 30/38 MP: 8/13
   116 | D        | Reached XP level 5. HP: 34/43 MP: 8/14
   116 | D        | Reached XP level 6. HP: 39/50 MP: 9/16
   118 | D        | Killed a draconian
   118 | D        | Reached skill level 5 in Fighting
   118 | D        | Reached skill level 5 in Short Blades
   118 | D        | Reached skill level 5 in Long Blades
   118 | D        | Reached skill level 5 in Axes
   118 | D        | Reached skill level 5 in Maces & Flails
   118 | D        | Reached skill level 5 in Polearms
   118 | D        | Reached skill level 5 in Staves
   118 | D        | Reached skill level 5 in Slings
   118 | D        | Reached skill level 5 in Bows
   118 | D        | Reached skill level 5 in Crossbows
   118 | D        | Reached skill level 5 in Throwing
   118 | D        | Reached skill level 5 in Armour
   118 | D        | Reached skill level 5 in Dodging
   118 | D        | Reached skill level 5 in Unarmed Combat
   118 | D        | Reached skill level 5 in Air Magic
   118 | D        | Reached skill level 5 in Evocations
   118 | D        | Reached XP level 7. HP: 30/57 MP: 11/18
   358 | D        | Entered arena 3.
   358 | D        | Noticed a tarantella
   358 | D        | Found a transporter.
   367 | D        | Killed a tarantella
   367 | D        | Reached * piety under Wu Jian
   367 | D        | Reached skill level 5 in Conjurations
   367 | D        | Reached skill level 5 in Charms
   367 | D        | Reached skill level 5 in Summonings
   367 | D        | Reached skill level 5 in Necromancy
   367 | D        | Reached skill level 5 in Translocations
   367 | D        | Reached skill level 5 in Transmutations
   367 | D        | Reached skill level 5 in Fire Magic
   367 | D        | Reached skill level 5 in Earth Magic
   367 | D        | Reached skill level 5 in Poison Magic
   367 | D        | Reached XP level 8. HP: 28/64 MP: 20/20
   757 | D        | Entered arena 4.
   757 | D        | Found a transporter.
   759 | D        | Reached ** piety under Wu Jian
   769 | D        | Entered arena 5.
   769 | D        | Found a transporter.
   770 | D        | Reached *** piety under Wu Jian
   787 | D        | Entered arena 6.
   787 | D        | Noticed a freezing wraith
   787 | D        | Noticed a harpy
   787 | D        | Noticed an orb spider
   787 | D        | Noticed a cyan ugly thing
   787 | D        | Noticed an ironheart preserver
   787 | D        | Found a transporter.
   792 | D        | Killed a freezing wraith
   796 | D        | HP: 2/65 [ironheart preserver/dire flail (11)]
   800 | D        | Killed an ironheart preserver
   800 | D        | Reached **** piety under Wu Jian
   800 | D        | Reached XP level 9. HP: 42/74 MP: 20/22
   805 | D        | Killed a cyan ugly thing
   814 | D        | Killed a harpy
   814 | D        | Reached XP level 10. HP: 33/80 MP: 23/23
   817 | D        | Killed an orb spider
  1030 | D        | Entered arena 7.
  1030 | D        | Noticed a spriggan rider
  1032 | D        | Found a transporter.
  1032 | D        | Killed a spriggan rider
  1032 | D        | Reached ***** piety under Wu Jian
  1032 | D        | Reached skill level 10 in Spellcasting
  1052 | D        | Got the ring "Qiwameps" {+Inv rC+ Stlth-}
  1056 | D        | Entered arena 8.
  1056 | D        | Noticed a cacodemon
  1056 | D        | Noticed a glowing orange brain
  1056 | D        | Noticed a wretched star
  1059 | D        | Killed a glowing orange brain
  1059 | D        | Reached skill level 10 in Invocations
  1063 | D        | Found a transporter.
  1064 | D        | Killed a wretched star
  1064 | D        | Gained mutation: Scrolls take you a little longer to read. [a cacodemon]
  1065 | D        | Gained mutation: Your magical capacity is low. (-10% MP) [a cacodemon]
  1065 | D        | Gained mutation: You expend magic power (3 MP) to strengthen your wands. [a cacodemon]
  1067 | D        | Gained mutation: Potions are less effective at restoring your health. [a cacodemon]
  1071 | D        | Killed a cacodemon
  1071 | D        | Reached skill level 10 in Stealth
  1071 | D        | Reached skill level 10 in Shields
  1071 | D        | Reached XP level 11. HP: 39/90 MP: 23/23
  1325 | D        | Got the ring "Efysk" {rF++ EV+4 Dex+2}
  1327 | D        | Got the ring "Fiahy" {rPois rF- MP+9 Int+6}
  1331 | D        | Entered arena 9.
  1333 | D        | Found a transporter.
  1352 | D        | Entered arena 10.
  1352 | D        | Noticed a spriggan rider
  1354 | D        | Found a transporter.
  1355 | D        | Killed a spriggan rider
  1355 | D        | Reached skill level 10 in Hexes
  1355 | D        | Reached skill level 10 in Fighting
  1355 | D        | Reached skill level 10 in Short Blades
  1355 | D        | Reached skill level 10 in Long Blades
  1355 | D        | Reached skill level 10 in Axes
  1355 | D        | Reached skill level 10 in Maces & Flails
  1355 | D        | Reached skill level 10 in Polearms
  1355 | D        | Reached skill level 10 in Staves
  1355 | D        | Reached skill level 10 in Slings
  1355 | D        | Reached skill level 10 in Bows
  1355 | D        | Reached skill level 10 in Crossbows
  1355 | D        | Reached skill level 10 in Throwing
  1355 | D        | Reached skill level 10 in Armour
  1355 | D        | Reached skill level 10 in Dodging
  1355 | D        | Reached skill level 10 in Unarmed Combat
  1355 | D        | Reached skill level 10 in Evocations
  1416 | D        | Entered arena 11.
  1418 | D        | Found a transporter.
  1447 | D        | Got the ring "Hagoun" {rPois MR+}
  1743 | D        | Entered arena 12.
  1743 | D        | Noticed a naga warrior
  1744 | D        | Noticed an anaconda
  1747 | D        | Killed an anaconda
  1752 | D        | Killed a naga warrior
  1754 | D        | Reached skill level 10 in Ice Magic
  1754 | D        | Reached XP level 12. HP: 46/99 MP: 25/25
  1757 | D        | Found a transporter.
  2035 | D        | Identified the Papyrus of Calling and Dark Secrets (You found it in the Dungeon)
  2043 | D        | Entered arena 13.
  2043 | D        | Noticed a red draconian
  2043 | D        | Noticed a white draconian
  2043 | D        | Noticed a purple draconian
  2043 | D        | Noticed a death cob
  2043 | D        | Noticed a black draconian
  2044 | D        | Noticed a white draconian
  2044 | D        | Noticed a red draconian
  2044 | D        | Noticed a black draconian
  2044 | D        | Noticed a tentacled monstrosity
  2045 | D        | Noticed a black draconian
  2046 | D        | Killed from afar by a white draconian

Skill      XL: |  1  2  3  4  5  6  7  8  9 10 11 |
---------------+----------------------------------+-----
Fighting       | 2 4 5 6 7 8 9 10 | 10.9
Short Blades   | 2 4 5 6 7 8 9 10 | 10.9
Long Blades    | 2 4 5 6 7 8 9 10 | 10.9
Axes           | 2 4 5 6 7 8 9 10 | 10.9
Maces & Flails | 2 4 5 6 7 8 9 10 | 10.9
Polearms       | 2 4 5 6 7 8 9 10 | 10.9
Staves         | 2 4 5 6 7 8 9 10 | 10.9
Slings         | 2 4 5 6 7 8 9 10 | 10.9
Bows           | 2 4 5 6 7 8 9 10 | 10.9
Crossbows      | 2 4 5 6 7 8 9 10 | 10.9
Throwing       | 2 4 5 6 7 8 9 10 | 10.9
Armour         | 2 4 5 6 7 8 9 10 | 10.9
Dodging        | 2 4 5 6 7 8 9 10 | 10.9
Stealth        | 3 5 6 8 10 11 | 11.1
Shields        | 3 5 6 8 10 11 | 11.2
Unarmed Combat | 2 4 5 6 7 8 9 10 | 10.9
Spellcasting   | 5 7 8 9 10 11 | 11.9
Conjurations   | 1 4 5 6 8 9 |  9.3
Charms         | 1 4 5 6 8 9 |  9.3
Summonings     | 1 4 5 6 8 9 |  9.3
Necromancy     | 1 4 5 6 8 9 |  9.3
Translocations | 1 4 5 6 8 9 |  9.3
Transmutations | 1 4 5 6 8 9 |  9.3
Fire Magic     | 1 4 5 6 8 9 |  9.3
Ice Magic      | 4 5 6 7 8 9 10 | 10.0
Air Magic      | 2 4 5 6 7 8 9 |  9.5
Earth Magic    | 1 4 5 6 8 9 |  9.3
Poison Magic   | 1 4 5 6 8 9 |  9.3
Invocations    | 2 5 6 8 9 10 11 | 11.8
Evocations     | 2 4 5 6 7 8 9 10 | 10.9
Hexes          | 6 7 8 9 10 | 10.7

Action                   |  1- 3 |  4- 6 |  7- 9 | 10-12 || total
-------------------------+-------+-------+-------+-------++-------
Melee: Maul              |     4 |     2 |    36 |    70 ||   112
       Bite              |       |       |     7 |    10 ||    17
Invok: Lunge             |       |       |     3 |     4 ||     7
       Whirlwind         |       |       |     2 |     6 ||     8
       Serpent's Lash    |       |       |       |     7 ||     7
       Heavenly Storm    |       |       |       |     7 ||     7
Evoke: Wand              |       |       |     1 |     4 ||     5
  Use: Potion            |     1 |       |     5 |     4 ||    10
  Eat: Chunk             |       |       |       |     2 ||     2
       Ration            |       |       |       |     1 ||     1
Armor: Plate armour      |    10 |     3 |   114 |   295 ||   422
Dodge: Dodged            |     2 |       |    65 |   266 ||   333
